 Dungeon Crawl Stone Soup version 0.31-a0-4-gefa6de2278 (webtiles) character file.

Game seed: 6440524743078064746

344 Anon1729 the Ducker (level 6, -12/76 HPs)
             Began as a Merfolk Monk on May 4, 2023.
             Mangled by an iguana (14 damage)
             ... on level 5 of the Dungeon.
             The game lasted 00:05:03 (3556 turns).

Anon1729 the Ducker (Merfolk Monk)                  Turns: 3556, Time: 00:05:03

Health: -12/76     AC: -2    Str: 12    XL:     6   Next: 58%
Magic:  6/6        EV: 15    Int:  9    God:
Gold:   157        SH:  0    Dex: 18    Spells: 5/5 levels left

rFire   . . .        a - +0 falchion
rCold   . . .        d - orb {light}
rNeg    . . .        b - +0 robe
rPois   .            (no helmet)
rElec   .            (no cloak)
rCorr   .            (no gloves)
SInv    .            (no boots)
Will    .....        (no amulet) Stlth
                     (no ring)
HPRegen 0.32/turn    (no ring)
MPRegen 0.10/turn

%: no passive effects
@: berserking, corroded, glowing, very quick
A: (nimble swimmer 2), mertail
a: no special abilities


You were on level 5 of the Dungeon.
You visited 1 branch of the dungeon, and saw 5 of its levels.

You collected 181 gold pieces.
You spent 24 gold pieces at shops.

Inventory:

Hand Weapons
 a - a +0 falchion (weapon)
Armour
 b - a +0 robe (worn)
 d - an orb of light (worn)
Jewellery
 l - an amulet of faith
Scrolls
 e - 2 scrolls of immolation
 f - a scroll of blinking
 h - a scroll of teleportation
 j - a scroll of amnesia
Potions
 c - a potion of ambrosia
 g - 2 potions of haste
 i - 3 potions of curing
 k - a potion of might
 n - a potion of brilliance {unknown}
 o - a potion of lignification {unknown}


   Skills:
 + Level 5.2 Fighting
 + Level 5.7 Long Blades
 + Level 6.3 Dodging


You had 5 spell levels left.
You didn't know any spells.
Your spell library contained the following spells:

 Spells                   Type           Power      Damage    Failure   Level
 Shock                    Conj/Air       0%         1d3       38%         1
 Swiftness                Air            0%         N/A       77%         3
 Airstrike                Air            0%         2d(0-16)  99%         4


Dungeon Overview and Level Annotations

Branches:
Dungeon (5/15)             Temple (0/1) D:5

Altars:
Okawaru

Shops:
D:1 :?   D:4 [::

Annotations:
D:2 Sigmund
D:3 Grinder


Innate Abilities, Weirdness & Mutations

((You are very nimble when in or above water. (Stealth+, EV+, Speed+++)))
Your lower body shifts to a powerful aquatic tail in water.


Message History

The phantom is severely damaged.
The phantom hits you.
The phantom blinks!
You blink.
A jelly comes into view.
Found a ring mail, a glowing black potion and 16 gold pieces.
You slash the phantom!
You destroy the phantom!
An iguana comes into view.
The iguana hisses angrily.
The jelly quivers.
The iguana misses you.
You hit the iguana but do no damage. The jelly hits you but does no damage.
The iguana misses you.
You hit the iguana.
The iguana is moderately wounded.
The jelly closely misses you. The iguana barely misses you.
An iguana comes into view.
The iguana hisses angrily.
You hit the iguana.
The iguana is moderately wounded.
The jelly misses you. The iguana misses you.
You hit the iguana.
The iguana is heavily wounded.
The iguana bites you. The jelly hits you.
You are splashed with acid!
The jelly attacks as you move away! The jelly hits you but does no damage.
The iguana hisses menacingly.
The jelly attacks as you move away! The jelly hits you.
You are splashed with acid!
The iguana attacks as you move away! The iguana misses you.
The jelly jiggles.
You hit the jelly. The acid corrodes you!
Your hands burn!
The jelly is lightly wounded.
The jelly hits you.
You are splashed with acid!
* * * LOW HITPOINT WARNING * * *
A red film seems to cover your vision as you go berserk!
You feel yourself moving faster!
You feel mighty! The jelly hits you.
* * * LOW HITPOINT WARNING * * *
You are splashed with acid!
* * * LOW HITPOINT WARNING * * *
The iguana bites you!
You die...

#..# #..# #..# ##..#
#..# #!..# #..#
#[..## #..# #....#
...# #..=.# ..##
##....## ..# #......#
.## #....b@# ..#
#....lJ## ### ..##
##....?<.## ###..
#..### ##.........#
##...#
##...####.......l>.$#
#...##
###................#
#.<.#
##.....##..........
#...#
#....#####...#.....
##..# ##...#
##........# #..#


You could see 2 iguanas and a jelly.

Vanquished Creatures
  2 phantoms (D:5)
  A hound (D:4)
  3 orc priests (D:4)
  3 adders
  An ufetubus (D:5)
  A dart slug (D:1)
  9 orcs
  6 ball pythons
  2 bats
  2 endoplasms
  2 giant cockroaches (D:1)
  4 hobgoblins
  2 frilled lizards (D:1)
  8 goblins
  2 kobolds (D:1)
  3 rats
51 creatures vanquished.

Notes
Turn   | Place    | Note
-------+----------+-------------------------------------------
     0 | D:1      | Anon1729 the Merfolk Monk began the quest for the Orb.
     0 | D:1      | Reached XP level 1. HP: 18/18 MP: 1/1
   203 | D:1      | Reached XP level 2. HP: 21/24 MP: 2/2
   588 | D:1      | Found Gutiufu's Magic Scroll Emporium.
   593 | D:1      | Bought a scroll of identify for 24 gold pieces
   855 | D:1      | Noticed a walking crystal tome
   857 | D:1      | Found Qathufe's Book Shop.
   859 | D:1      | Noticed a walking earthen tome
  1142 | D:2      | Found a faded altar of an unknown god.
  1190 | D:2      | Noticed Sigmund
  1190 | D:2      | Found an iron altar of Okawaru.
  1246 | D:3      | Reached XP level 3. HP: 30/30 MP: 3/3
  1525 | D:3      | Noticed Grinder
  1654 | D:3      | Paralysed by Grinder for 3 turns
  1655 | D:3      | HP: 1/28 [orc/+0 mace of draining (4)]
  1787 | D:4      | Reached skill level 5 in Dodging
  1787 | D:4      | Reached XP level 4. HP: 16/37 MP: 4/4
  2182 | D:4      | Found Furaugoi's Book Shop.
  2200 | D:4      | Found Zytexuwi's Antique Armour Emporium.
  2386 | D:4      | Reached XP level 5. HP: 43/43 MP: 5/5
  2706 | D:4      | Found Naagh's Book Shoppe.
  2792 | D:4      | Reached skill level 5 in Long Blades
  3098 | D:5      | Entered Level 5 of the Dungeon
  3376 | D:5      | Noticed a phantom
  3395 | D:5      | Killed a phantom
  3396 | D:5      | Reached skill level 5 in Fighting
  3396 | D:5      | Reached skill level 6 in Dodging
  3396 | D:5      | Reached XP level 6. HP: 42/51 MP: 6/6
  3533 | D:5      | Found a staircase to the Ecumenical Temple.
  3556 | D:5      | HP: 2/76 [acid (9)]
  3556 | D:5      | Mangled by an iguana

Illustrated notes

Levels and vault maps discovered:
D:1:      minmay_arrival_wavy_path, layout_basic, serial_shops, shop,
          nicolae_shop_mannequins, kennysheep_flooded_box,
          dreamdust_wishing_well
D:2:      layout_loops_corners, nicolae_ecumenical_oubliette, basic_altar,
          uniq_terence, uniq_crazy_yiuf_cottage, uniq_sigmund
D:3:      layout_loops_ring, uniq_grinder, uniq_natasha
D:4:      layout_basic, serial_shops, nicolae_book_shop_shelving, shop, shop,
          minmay_misc_feat_hallway
D:5:      layout_layer_cave, minmay_temple_entry_butterflies,
          nicolae_figureground_pulse

Skill      XL: |  1  2  3  4  5 |
---------------+----------------+-----
Long Blades    | 4 5 |  5.7
Fighting       | 4 5 |  5.2
Dodging        | 5 6 |  6.3

Action                     |  1- 3 |  4- 6 || total
---------------------------+-------+-------++-------
  Melee: Falchion          |    76 |    98 ||   174
    Use: Scroll            |     6 |     3 ||     9
         Potion            |       |     1 ||     1
 Armour: Robe              |    15 |     7 ||    22
  Dodge: Dodged            |    60 |    58 ||   118

Table legend: (Time is in decaauts)
 A = Elapsed time spent in this place.
 B = Non-inter-level travel time spent in this place.
 C = Inter-level travel time spent in this place.
 D = Time resting spent in this place.
 E = Time spent auto-exploring this place.
 F = Levels seen in this place.
 G = Mean time per level.
                   A        B        C        D        E       F      G
               +--------+--------+--------+--------+--------+-----+--------+
         Total |   3571 |   3330 |    241 |    484 |   2310 |   5 |  714.2 |
       Dungeon |   3571 |   3330 |    241 |    484 |   2310 |   5 |  714.2 |
               +--------+--------+--------+--------+--------+-----+--------+

Top non-repeatable levels by time:
     D:4: 1483 daAuts
     D:1: 1187 daAuts
     D:3: 574 daAuts
     D:5: 248 daAuts
     D:2: 78 daAuts
